 Dungeon Crawl Stone Soup version 0.19-a0-347-g6bb00b2 (webtiles) character file.

172 wvc the Skirmisher (level 5, 5/42 HPs)
             Began as a Human Wanderer on May 29, 2016.
             Was an Initiate of Ashenzari.
             Quit the game on level 4 of the Dungeon.
             The game lasted 00:06:52 (2998 turns).

wvc the Skirmisher (Human Wanderer)                 Turns: 2998, Time: 00:06:52

Health: 5/42       AC:  5    Str: 12    XL:     5   Next: 83%
Magic:  8/8        EV: 17    Int: 13    God:    Ashenzari [......]
Gold:   74         SH:  0    Dex: 18    Spells: 0 memorised, 8 levels left

rFire  . . .     SeeInvis .     a - +2 spear
rCold  . . .     Gourm    .     m - +0 ring mail
rNeg   . . .     Faith    .     (no shield)
rPois  .         Spirit   .     (no helmet)
rElec  .         Dismiss  .     (no cloak)
rCorr  .         Reflect  .     (no gloves)
SustAt .         Harm     .     (no boots)
MR     .....                    (no amulet)
Stlth  ++........               (no ring)
                                (no ring)

@: agile, lethally poisoned (5 -> -2), very slightly contaminated, invisible,
not resistant to hostile enchantments, unstealthy
A: no striking features
a: Curse Item, Renounce Religion


You were on level 4 of the Dungeon.
You worshipped Ashenzari.
Ashenzari was noncommittal.
You were not hungry.

You visited 1 branch of the dungeon, and saw 4 of its levels.

You collected 74 gold pieces.

Inventory:

Hand Weapons
 a - a +2 spear (weapon)
 j - a +0 dagger of freezing
Armour
 d - a +0 plate armour of magic resistance
 i - a +0 leather armour
 l - a +0 shield
 m - a +0 ring mail (worn)
Jewellery
 g - an uncursed ring of resist corrosion
Scrolls
 k - a scroll of immolation
Books
 b - the Tome of Combat Magic

   Spells                             Type                      Level
   a - Shock                          Conjuration/Air              1
   b - Conjure Flame                  Conjuration/Fire             3
Comestibles
 f - a bread ration


   Skills:
 - Level 4.0 Fighting
 * Level 3.3 Polearms
 - Level 2.0 Armour
 - Level 3.0 Dodging
 - Level 1.0 Stealth
 - Level 2.0 Spellcasting
   Level 1.0 Conjurations
   Level 1.0 Evocations


You had 8 spell levels left.
You didn't know any spells.

Dungeon Overview and Level Annotations

Branches:
Dungeon (4/15)
 Temple: D:4-7

Altars:
Ashenzari
Gozag
Zin

Annotations:
D:3 Jessica


Message History

You are too injured to fight recklessly!
Drink which item? (? for menu, Esc to quit)
You feel better. The killer bee completely misses you.
The killer bee misses you. The killer bee closely misses you.
The killer bee stings you.
* * * LOW HITPOINT WARNING * * *
You are poisoned.
The killer bee poisons you!
Drink which item? (? for menu, Esc to quit)
You feel agile all of a sudden.
You feel sick. The killer bee barely misses you.
The killer bee completely misses you. The killer bee stings you.
* * * LOW HITPOINT WARNING * * *
The killer bee misses you.
You are too injured to fight recklessly!
Unknown command.
You are too injured to fight recklessly!
You are too injured to fight recklessly!
You are too injured to fight recklessly!
Are you sure you want to abandon this character and quit the game? (Confirm with "yes".)

+_###...............
#+###.##.......#.... #.
#. #.###......#....
#.###.###.#
#......#....
.........###.(....#....
#.........(......#....
#................#....
#................#....
###.y@......####
##y######## #....y..#
..........#
............#
........#.....
......###.##### ......
.# ...... ..


You could see 2 killer bees.

Vanquished Creatures
  A hound (D:4)
  A worker ant (D:4)
  Terence (D:2)
  3 adders
  An ooze (D:3)
  An adder skeleton (D:4)
  3 giant geckos (D:2)
  6 bats
  A giant cockroach (D:1)
  13 hobgoblins
  A jackal (D:4)
  6 kobolds
  A quokka (D:3)
  A ball python (D:1)
  3 giant newts
  8 goblins
  7 rats
58 creatures vanquished.

Notes
Turn   | Place    | Note
--------------------------------------------------------------
     0 | D:1      | wvc the Human Wanderer began the quest for the Orb.
     0 | D:1      | wvc set off with: a +2 spear, the Tome of Combat Magic, a potion of curing, a +0 robe, a bread ration
     0 | D:1      | Reached XP level 1. HP: 19/19 MP: 3/3
   220 | D:1      | Reached skill level 1 in Dodging
   242 | D:1      | Reached XP level 2. HP: 13/25 MP: 5/5
   658 | D:1      | Reached XP level 3. HP: 24/30 MP: 6/6
  1349 | D:2      | Reached XP level 4. HP: 37/37 MP: 7/7
  1379 | D:2      | Noticed Terence
  1401 | D:2      | Killed Terence
  1600 | D:2      | Found a shattered altar of Ashenzari.
  1606 | D:2      | Became a worshipper of Ashenzari the Shackled
  1937 | D:2      | Found a glowing silver altar of Zin.
  1947 | D:2      | Reached skill level 1 in Armour
  2265 | D:3      | Reached XP level 5. HP: 37/42 MP: 8/8
  2382 | D:3      | Noticed Jessica
  2971 | D:4      | Found an opulent altar of Gozag.
  2998 | D:4      | Quit the game

Vault maps used:
D:1:      elethiomel_arrival_maze
D:2:      lemuel_crystal_altar, evilmike_ruin_ashenzari, uniq_terence
D:3:      first_bread, uniq_natasha, uniq_jessica
D:4:      minmay_door_path, lemuel_doored_altar, tso_oasis_becter, uniq_edmund

Skill      XL: |  1  2  3  4  5 |
---------------+----------------+-----
Dodging        | 1 2 3 |  3.0
Polearms       | 2 3 |  3.3
Armour         | 1 2 |  2.0
Fighting       | |  4.0
Stealth        | |  1.0
Spellcasting   | |  2.0
Conjurations   | |  1.0
Evocations     | |  1.0

Action                   |  1- 3 |  4- 6 || total
-------------------------+-------+-------++-------
Melee: Spear             |   107 |   145 ||   252
  Use: Scroll            |       |     4 ||     4
       Potion            |       |     3 ||     3
 Stab: Sleeping          |     4 |       ||     4
  Eat: Pizza             |     2 |       ||     2
       Chunk             |       |     2 ||     2
       Meat ration       |       |     1 ||     1
Armor: Robe              |    13 |       ||    13
       Leather armour    |     5 |    11 ||    16
       Plate armour      |       |    25 ||    25
       Ring mail         |       |    24 ||    24
Dodge: Dodged            |    41 |    67 ||   108
